 Dungeon Crawl Stone Soup version 0.30-a0-777-ga9a30cbeda (console) character file.

Game seed: 7017194897107924723

130 rlgrobin the Chopper (level 4, -8/43 HPs)
             Began as an Armataur Fighter on Feb 15, 2023.
             Killed by nerve-wracking pain
             ... invoked by an orc priest
              (14 damage)
             ... on level 4 of the Dungeon.
             The game lasted 00:03:00 (662 turns).

rlgrobin the Chopper (Armataur Fighter)              Turns: 662, Time: 00:03:01

Health: -8/43      AC:  6    Str: 21    XL:     4   Next: 90%
Magic:  4/4        EV:  7    Int:  9    God:
Gold:   66         SH:  4    Dex: 11    Spells: 3/3 levels left

rFire   . . .      SeeInvis .    a - +0 war axe
rCold   . . .      Faith    .    c - +0 buckler
rNeg    . . .      Spirit   .    b - +0 scale mail
rPois   .          Reflect  .    (no helmet)
rElec   .          Harm     .    (no cloak)
rCorr   .          Roll     +    (no gloves)
Will    .....      Clarity  +    (no barding) Stlth
                                 (no amulet)
HPRegen 0.27/turn                (no ring)
MPRegen 0.09/turn                (no ring)

@: mighty
A: large, rugged brown scales 3, deformed body, armoured tail, roll, long
tongue, awkward tongue, clarity, sense surroundings 1, robust 1, MP-powered
wands
a: no special abilities


You were on level 4 of the Dungeon.
You visited 1 branch of the dungeon, and saw 4 of its levels.

You collected 66 gold pieces.

Inventory:

Hand Weapons
 a - a +0 war axe (weapon)
Missiles
 i - a throwing net (quivered)
Armour
 b - a +0 scale mail (worn)
 c - a +0 buckler (worn)
Scrolls
 e - 2 scrolls of identify {unknown}
 f - a scroll of teleportation {unknown}
 g - a scroll of poison {unknown}
Potions
 h - a potion of haste


   Skills:
 - Level 2.6 Fighting
 + Level 4.2 Axes
 - Level 3.6 Armour
 - Level 3.2 Shields


You had 3 spell levels left.
You didn't know any spells.
Your spell library was empty.

Dungeon Overview and Level Annotations

Branches:
Dungeon (4/15)
 Temple: D:4-7

Altars:


Innate Abilities, Weirdness & Mutations

You are completely covered in rugged brown scales. (AC +3, +7% HP)
Armour fits poorly on your strangely shaped body.
You have a long armoured tail.
You roll when moving toward enemies. (Rampage)
Your long tongue fully drains potion bottles. (2x potion effects)
Your tongue gives you trouble enunciating. (1.5x scroll delay)
You possess an exceptional clarity of mind.
You passively map a small area around you.
You are robust. (+10% HP)
You expend magic power (3 MP) to strengthen your wands.


Message History

You slash the adder!
You kill the adder!
The ufetubus hits you but does no damage.
The ufetubus barely misses you. The ufetubus hits you. x2
Your Axes skill increases to level 4!
You closely miss the ufetubus.
The ufetubus is moderately wounded.
The ufetubus barely misses you. You block the ufetubus's attack.
The orc wizard gestures wildly while chanting.
The orc wizard flickers and vanishes!
Deactivating autopickup; reactivate with Ctrl-A.
An orc comes into view. It is wielding a +0 hand axe.
The ufetubus hits you. You block the ufetubus's attack.
You slash the ufetubus!
You kill the ufetubus!
Something tries to affect you, but you resist.
An orc priest comes into view.
It is wielding a +0 short sword of venom.
An orc comes into view. It is wielding a +0 hand axe.
The orc shouts!
You hear some strange, mumbled words.
Something tries to affect you, but you resist.
The orc moves out of view.
The orc hits you but does no damage. Something hits you but does no damage.
You closely miss the orc. You miss something.
The orc hits you but does no damage. Something hits you but does no damage.
You feel a genetic drift.
You feel a strange attunement to the structure of the dungeons.
You no longer feel a hidden potential within.
You slash the orc!
You kill the orc!
You miss something.
The orc priest calls down the wrath of Beogh upon you.
Beogh smites you!
* * * LOW HITPOINT WARNING * * *
Something hits you but does no damage.
You roll towards the orc priest!
You hit the orc priest.
The orc priest is moderately wounded.
You hit the orc.
The orc priest calls down the wrath of Beogh upon you.
Pain shoots through your body!
You die...

, .........#
, .........##
, ..........#
, , ,
..........#
,, ,
.......<.#
........##
###.##...#
...######...#
......o@...##
*
###...o##.##
#.... #...* *
....... ...##
.##.....#.##
* , ##..#####
, * ,...* *
...#


You could see an orc priest and an orc.

Vanquished Creatures
  A howler monkey (D:4)
  Natasha (twice) (D:3)
  An adder (D:4)
  An ufetubus (D:4)
  2 orcs
  3 ball pythons
  2 endoplasms
  2 goblins (D:1)
  5 hobgoblins
  3 quokkas
  2 bats
  A frilled lizard (D:3)
  2 kobolds (D:1)
  3 rats
30 creatures vanquished.

Notes
Turn   | Place    | Note
-------+----------+-------------------------------------------
     0 | D:1      | rlgrobin the Armataur Fighter began the quest for the Orb.
     0 | D:1      | Reached XP level 1. HP: 19/19 MP: 1/1
    36 | D:1      | Reached skill level 2 in Axes
   150 | D:1      | Reached XP level 2. HP: 26/26 MP: 2/2
   495 | D:3      | Noticed Natasha
   506 | D:3      | Gained mutation: You have hidden genetic potential. [potion
                  | of mutation]
   506 | D:3      | Gained mutation: Your magical capacity is low. (-10% MP)
                  | [potion of mutation]
   506 | D:3      | Gained mutation: You expend magic power (3 MP) to
                  | strengthen your wands. [potion of mutation]
   506 | D:3      | Gained mutation: You are robust. (+10% HP) [potion of
                  | mutation]
   506 | D:3      | Lost mutation: Your magical capacity is low. (-10% MP)
                  | [potion of mutation]
   513 | D:3      | Killed Natasha
   514 | D:3      | Reached skill level 3 in Axes
   514 | D:3      | Reached XP level 3. HP: 31/35 MP: 1/3
   515 | D:3      | Gained mutation: You possess an exceptional clarity of
                  | mind. [hidden potential]
   588 | D:3      | Noticed Natasha
   598 | D:3      | Killed Natasha
   599 | D:3      | Reached XP level 4. HP: 13/43 MP: 4/4
   655 | D:4      | Reached skill level 4 in Axes
   660 | D:4      | Gained mutation: You passively map a small area around you.
                  | [hidden potential]
   660 | D:4      | Lost mutation: You have hidden genetic potential. [hidden
                  | potential expressed]
   662 | D:4      | Killed from afar by an orc priest

Illustrated notes

Levels and vault maps discovered:
D:1:      spicycebolla_arrival_clurvy, layout_basic, serial_curves,
          eino_curves_02, eino_curves_04, serial_shops, shop
D:2:      layout_basic, kennysheep_generic_room_4
D:3:      layout_basic, corexii_hall_statues_i, nicolae_eternal_life,
          uniq_natasha
D:4:      layout_cave_pools, minmay_temple_entry_glass, uniq_grinder,
          uniq_eustachio, uniq_blork_the_orc

Skill      XL: |  1  2  3  4 |
---------------+-------------+-----
Axes           | 2 3 4 |  4.2
Fighting       | |  2.6
Armour         | |  3.6
Shields        | |  3.2

Action                     |  1- 3 |  4- 6 || total
---------------------------+-------+-------++-------
  Melee: War axe           |    74 |    12 ||    86
         Tailslap          |     6 |     1 ||     7
    Use: Potion            |     3 |     1 ||     4
 Armour: Scale mail        |    21 |    29 ||    50
  Dodge: Dodged            |    21 |    10 ||    31
  Block: Buckler           |    15 |    10 ||    25

Table legend: (Time is in decaauts)
 A = Elapsed time spent in this place.
 B = Non-inter-level travel time spent in this place.
 C = Inter-level travel time spent in this place.
 D = Time resting spent in this place.
 E = Time spent auto-exploring this place.
 F = Levels seen in this place.
 G = Mean time per level.
                   A        B        C        D        E       F      G
               +--------+--------+--------+--------+--------+-----+--------+
         Total |    674 |    674 |      0 |      0 |      0 |   4 |  168.5 |
       Dungeon |    674 |    674 |      0 |      0 |      0 |   4 |  168.5 |
               +--------+--------+--------+--------+--------+-----+--------+

Top non-repeatable levels by time:
     D:3: 230 daAuts
     D:2: 228 daAuts
     D:1: 194 daAuts
     D:4: 21 daAuts
